 Dungeon Crawl Stone Soup version 0.18-a0-1789-gbeff17f (webtiles) character file.

56 SkaryMonk the Firebug (level 3, -1/21 HPs)
             Began as an Octopode Fire Elementalist on Apr 21, 2016.
             Slain by a hobgoblin (3 damage)
             ... on level 1 of the Dungeon.
             The game lasted 00:06:42 (1403 turns).

SkaryMonk the Firebug (Octopode Fire Elementalist)  Turns: 1403, Time: 00:06:43

Health: -1/21      AC:  1    Str:  7    XL:     3   Next: 95%
Magic:  0/6        EV: 12    Int: 18    God:
Gold:   30         SH:  0    Dex: 12    Spells: 3 memorised, 0 levels left

rFire  . . .     SeeInvis .     (no weapon)
rCold  . . .     Gourm    .     (no shield)
rNeg   . . .     Faith    .     (helmet restricted)
rPois  .         Spirit   .     (no amulet)
rElec  .         Dismiss  .     (no ring)
rCorr  .         Reflect  .     (no ring)
SustAt .         Harm     .     (no ring)
MR     .....                    (no ring)
Stlth  +++.......               (no ring)
                                (no ring)
                                (no ring)
                                (no ring)

@: not resistant to hostile enchantments, fairly stealthy
A: almost no armour, amphibious, 8 rings, constrict 8, camouflage 1, gelatinous
body 1
a: no special abilities


You were on level 1 of the Dungeon.
You were very hungry.

You visited 1 branch of the dungeon, and saw 2 of its levels.

You collected 30 gold pieces.

Notes
Turn   | Place    | Note
--------------------------------------------------------------
     0 | D:1      | SkaryMonk the Octopode Fire Elementalist began the quest for the Orb.
     0 | D:1      | Reached XP level 1. HP: 11/11 MP: 3/3
   385 | D:1      | Reached XP level 2. HP: 7/17 MP: 1/5
  1057 | D:1      | Reached skill level 4 in Fire Magic
  1064 | D:1      | Learned a level 2 spell: Throw Flame
  1299 | D:2      | Noticed Ijyb
  1356 | D:1      | Killed Ijyb
  1356 | D:1      | Reached XP level 3. HP: 20/21 MP: 0/6
  1361 | D:1      | Learned a level 3 spell: Conjure Flame
  1403 | D:1      | Slain by a hobgoblin

Inventory:

Scrolls
 c - 2 scrolls of remove curse {unknown}
Potions
 e - a potion of resistance {unknown}
 h - a potion of degeneration {unknown}
 i - 2 potions of curing {unknown}
Books
 a - a book of Flames

   Spells                             Type                      Level
   a - Flame Tongue                   Conjuration/Fire             1
   b - Throw Flame                    Conjuration/Fire             2
   c - Conjure Flame                  Conjuration/Fire             3
   d - Inner Flame                    Hexes/Fire                   3
   e - Sticky Flame                   Conjuration/Fire             4
   f - Fireball                       Conjuration/Fire             5
Comestibles
 b - a bread ration
 f - a beef jerky
 g - a slice of pizza

Table legend:
 A = Turns spent in this place as a percentage of turns spent in the entire game.
 B = Non-inter-level travel turns spent in this place as a percentage of non-inter-level travel turns spent in the entire game.
 C = Inter-level travel turns spent in this place as a percentage of turns spent in this place.
 D = Turns resting spent in this place as a percentage of non-inter-level travel turns spent in this place.
 E = Turns spent auto-exploring this place as a percentage of non-inter-level travel turns spent in this place.
 F = Non-inter-level travel turns spent in this place divided by the number of levels of this place that you've seen.
                   A       B       C       D       E      F
               +-------+-------+-------+-------+-------+----------------------
         Total | 100.0 | 100.0 |   0.9 |   5.8 |  15.5 | 113.0
       Dungeon | 100.0 | 100.0 |   0.9 |   5.8 |  15.5 | 113.0
               +-------+-------+-------+-------+-------+----------------------


   Skills:
 - Level 2.0 Dodging
 - Level 2.6 Stealth
 - Level 2.0 Spellcasting
 + Level 1.8 Conjurations
 + Level 4.4 Fire Magic


You couldn't memorise any spells.
You knew the following spells:

 Your Spells              Type           Power        Failure   Level  Hunger
a - Flame Tongue          Conj/Fire      ##...        6%          1    #......
b - Throw Flame           Conj/Fire      ##....       10%         2    ###....
c - Conjure Flame         Conj/Fire      ##......     17%         3    ###....


Dungeon Overview and Level Annotations

Branches:
Dungeon (2/15)

Altars:


Innate Abilities, Weirdness & Mutations

You cannot wear most types of armour.
You are amphibious.
You can wear up to eight rings at the same time.
You can use your tentacles to constrict eight enemies at once.
Your skin changes colour to match your surroundings (Stealth).
Your rubbery body absorbs attacks (AC +1).


Message History

Casting: Flame Tongue
Confirm with . or Enter, or press ? or * to list all spells.
You don't have enough magic to cast that spell.
Unknown command.
You closely miss the hobgoblin. Your grab misses the hobgoblin.
The hobgoblin barely misses you.
You tentacle-slap the hobgoblin but do no damage.
You grab the hobgoblin.
You constrict the hobgoblin, but do no damage.
The hobgoblin closely misses you.
You are feeling very hungry.
You tentacle-slap the hobgoblin.
The hobgoblin is heavily wounded.
You constrict the hobgoblin, but do no damage.
The hobgoblin barely misses you.
You tentacle-slap the hobgoblin.
The hobgoblin is severely wounded.
You constrict the hobgoblin, but do no damage.
The hobgoblin hits you.
You die...

###.# ##.##### ##.#.## #....
....# #......# ###.# ###.. .####
#......# #.# #.# .# #......#
##'## #.# .# #####.## ##...## #..
## #.# ##.....## #.# # ##.##
##.......## #..
###########...####.........####..
##.............g@'.........+.....
###########>..####.........####..
# #......## ##.......## #.. #
#.###..# ##.....## #.# # #.# #..#
##...## #.# # #.###.## ##'## #..
# #.....# #.# ### # ###.### #.#
###### # #.# ##.## #.....


You could see a hobgoblin.

Table legend:
 A = Kills in this place as a percentage of kills in entire the game.
 B = Kills by you in this place as a percentage of kills by you in the entire game.
 C = Kills by friends in this place as a percentage of kills by friends in the entire game.
 D = Other kills in this place as a percentage of other kills in the entire game.
 E = Experience gained in this place as a percentage of experience gained in the entire game.
 F = Experience gained in this place divided by the number of levels of this place that you have seen.
                   A       B       C       D       E      F
               +-------+-------+-------+-------+-------+----------------------
         Total | 100.0 | 100.0 |  -nan |  -nan | 100.0 |  40.0
       Dungeon | 100.0 | 100.0 |  -nan |  -nan | 100.0 |  40.0
               +-------+-------+-------+-------+-------+----------------------

Vanquished Creatures
  Ijyb (D:1)
  A gnoll (D:1)
  A dart slug (D:1)
  A giant gecko (D:1)
  A bat (D:1)
  A giant cockroach (D:1)
  3 hobgoblins (D:1)
  2 kobolds (D:1)
  2 ball pythons (D:1)
  2 giant newts (D:1)
  3 goblins (D:1)
  2 rats
20 creatures vanquished.

Action                   || total
-------------------------++-------
Melee: Unarmed           ||    17
       Constrict         ||     6
       Tentacles         ||     1
 Cast: Flame Tongue      ||    38
  Eat: Chunk             ||     1
Armor: Skin              ||     2
Dodge: Dodged            ||    15

Vault maps used:
D:1:      sevenhm_arrival_forest_fort_small_6, roderic_lattice_a
D:2:      ecumenical_altar_2, grunt_ministairs_15, st_stairs_9,
          guppyfry_early_orc_mine, uniq_terence, uniq_crazy_yiuf_cottage,
          uniq_iyjb
